cohdb
Replays
Latest Replays
All Replays
Popular Replays
Top Player Replays
Match Explorer
How It Works
Community
CoH3 Stats
Reddit
Sign in to upload your games and track your stats! →
Sign in with Steam
Match 42786805
Unlisted
Match 42786805
Overview
Messages
Build Orders
End
Construct Weapon Support Center
M1919 Machine Gun Team
M1919 Machine Gun Team
Engineer Squad
Construct Barracks
Selects Armored Battlegroup
Selects Veteran Crews
M1 Mortar Team
M1 Mortar Team
M1919 Machine Gun Team
Riflemen Squad
Mechanized Support Center
Grenade Package
Mqk
P1xeL_Po!nT
mikola86
Betrazen
Lolloiseba
Valar[M]orgHulis
MaDHorse
[ЯΞПΞGΔ2]DRAGO
0
0
Comments
sign in to comment!
No comments posted yet!